 Dungeon Crawl Stone Soup version 0.17.1-1-g73c8601 (webtiles) character file.

215 Mysteryquy the Insei (level 5, 0/28 HPs)
             Began as a Vine Stalker Monk on Jan 2, 2016.
             Slain by an orc priest
             ... wielding a +0 war axe
              (4 damage)
             ... on level 3 of the Dungeon.
             The game lasted 00:05:28 (2842 turns).

Mysteryquy the Insei (Vine Stalker Monk)            Turns: 2842, Time: 00:05:28

Health: 0/28       AC:  4    Str: 14    XL:     5   Next: 92%
Magic:  0/6        EV: 14    Int: 10    God:
Gold:   158        SH:  0    Dex: 17    Spells: 0 memorised, 4 levels left

rFire  . . .     SeeInvis .       - Unarmed
rCold  . . .     Clarity  .     a - +0 robe
rNeg   . . .     SustAt   .     (no shield)
rPois  .         Gourm    .     (no helmet)
rElec  .         Spirit   +     r - +0 cloak
rCorr  .         Warding  .     g - +0 pair of gloves {archery}
rMut   .         Stasis   .     (no boots)
MR     .....                    (no amulet)
Stlth  ++........               (no ring)
                                (no ring)

@: not resistant to hostile enchantments, unstealthy
A: fangs 2, regeneration 1, magic shield, antimagic bite, no device heal 3, rot
immunity
a: no special abilities


You were on level 3 of the Dungeon.
You were not hungry.

You visited 1 branch of the dungeon, and saw 4 of its levels.

You collected 158 gold pieces.

Inventory:

Missiles
 i - 5 tomahawks (quivered)
Armour
 a - a +0 robe (worn)
 g - a +0 pair of gloves of archery (worn)
 r - a +0 cloak (worn)
Jewellery
 m - a cursed ring of loudness {unknown}
Scrolls
 c - 4 scrolls of identify {unknown}
 e - 2 scrolls of remove curse {unknown}
 j - a scroll of noise {unknown}
 k - 2 scrolls of recharging {unknown}
Potions
 d - 3 potions of curing {unknown}
 h - a potion of ambrosia {unknown}
 l - a potion of haste {unknown}
 n - a potion of flight {unknown}
 p - a potion of magic {unknown}
 q - a potion of heal wounds {unknown}
Comestibles
 b - a bread ration
 f - a fruit
 o - 2 beef jerkies


   Skills:
 + Level 3.5 Fighting
 + Level 3.9 Dodging
 - Level 2.4 Stealth
 + Level 5.2 Unarmed Combat


You had 4 spell levels left.
You didn't know any spells.

Dungeon Overview and Level Annotations

Branches:
Dungeon (4/15)
 Temple: D:4-7

Altars:
The Shining One


Innate Abilities, Weirdness & Mutations

You have extremely sharp teeth.
Your natural rate of healing is unusually fast.
When hurt, damage is shared between your health and your magic reserves.
Your bite disrupts and absorbs the magic of your enemies.
Potions and wands cannot restore your health.
You are immune to rotting.


Message History

The orc completely misses you.
The orc priest hits you but does no damage.
You climb upwards.
There is a stone staircase leading down here.
You hit the orc priest.
The orc priest is moderately wounded.
The orc hits you with a hand axe. The orc priest hits you with a war axe.
You hit the orc priest but do no damage.
Your bite misses the orc priest.
The orc priest is moderately wounded.
The orc misses you.
You barely miss the orc priest.
The orc priest is moderately wounded.
The orc priest calls down the wrath of Beogh upon you.
Pain shoots through your body!
* * * LOW HITPOINT WARNING * * *
You barely miss the orc priest. Your bite misses the orc priest.
The orc priest is moderately wounded.
The orc priest hits you with a war axe.
You die...

######## .......# ########
.##.#### ##......# .##...#
#######.# .####.####### ##@##
#.###########
............##8.oo8##..).........
............##.....##.....#######
.####.###.###8.....8#####.#######
.# #.# #.# ##.....##...)......##
## #.###.####8...8##...#.####.##
#.#.....##.....##...#.# #.##
#####.#######8.....8#...#.# #.##
..........# #.....##...#.## #.##


You could see an orc priest and an orc.

Vanquished Creatures
  Ijyb (D:2)
  An orc priest (D:4)
  Terence (D:3)
  A worker ant (D:4)
  4 adders
  An adder zombie (D:2)
  2 adder skeletons (D:2)
  A worm (D:4)
  2 giant geckos
  3 orcs
  3 ball pythons
  A bat skeleton (D:2)
  4 bat zombies (D:2)
  6 goblins
  5 hobgoblins
  A quokka (D:2)
  5 bats
  2 giant cockroaches
  A giant gecko zombie (D:2)
  7 giant newts
  4 jackals (D:3)
  7 kobolds
  4 rats
67 creatures vanquished.

Notes
Turn   | Place    | Note
--------------------------------------------------------------
     0 | D:1      | Mysteryquy the Vine Stalker Monk began the quest for the Orb.
     0 | D:1      | Reached XP level 1. HP: 11/11 MP: 2/2
   258 | D:1      | Reached XP level 2. HP: 16/16 MP: 3/3
   856 | D:2      | Reached XP level 3. HP: 6/20 MP: 2/4
  1102 | D:2      | Noticed Ijyb
  1130 | D:2      | Killed Ijyb
  1130 | D:2      | Reached XP level 4. HP: 16/24 MP: 5/5
  1708 | D:3      | Noticed Terence
  1724 | D:3      | Killed Terence
  1724 | D:3      | Reached skill level 5 in Unarmed Combat
  1724 | D:3      | Reached XP level 5. HP: 28/28 MP: 6/6
  2226 | D:3      | Found a glowing golden altar of the Shining One.
  2842 | D:3      | Slain by an orc priest

Action                   |  1- 3 |  4- 6 || total
-------------------------+-------+-------++-------
Melee: Unarmed           |   122 |   141 ||   263
 Stab: Sleeping          |     6 |     4 ||    10
       Distracted        |       |     1 ||     1
  Eat: Chunk             |       |     6 ||     6
